 Dungeon Crawl Stone Soup version 0.31-a0-544-gceb718ecc6 (webtiles) character file.

Game seed: 5790952513642343239

60 LeprechaunX the Changeling (level 4, -3/29 HPs)
             Began as an Octopode Shapeshifter on Aug 15, 2023.
             Slain by Sigmund
             ... wielding a +0 scythe
              (10 damage)
             ... on level 3 of the Dungeon.
             The game lasted 00:01:13 (1260 turns).

LeprechaunX the Changeling (Octopode Shapeshifter)  Turns: 1260, Time: 00:01:13

Health: -3/29      AC:  1    Str: 14    XL:     4   Next: 6%
Magic:  4/4        EV: 13    Int: 10    God:
Gold:   78         SH:  0    Dex: 14    Spells: 3/3 levels left

rFire   + .          .
                       - Unarmed
rCold   . . .        (no shield)
rNeg    . . .        (helmet currently unavailable)
rPois   .            (no amulet)
rElec   .            g - ring of protection from fire
rCorr   .            (no ring)
SInv    .            (no ring)
Will    .....        (no ring)
Stlth   ++           (no ring)
HPRegen 0.24/turn    (no ring)
MPRegen 0.09/turn    (no ring)
                     (no ring)

%: no passive effects
@: beast-form
A: beast (slay +2), almost no armour, amphibious, 8 rings, camouflage 1,
gelatinous body 1, (nimble swimmer 1), tentacles
a: Begin Untransformation


You were on level 3 of the Dungeon.
You were a hulking beast.
You visited 1 branch of the dungeon, and saw 3 of its levels.

You collected 78 gold pieces.

Inventory:

Jewellery
 g - a ring of protection from fire (left tentacle)
Talismans
 b - a beast talisman (active)
 c - a flux talisman
Scrolls
 d - a scroll of identify {unknown}
 e - a scroll of torment {unknown}
 f - 3 scrolls of poison {unknown}
 j - a scroll of silence {unknown}
Potions
 a - 2 potions of lignification
 h - a potion of might {unknown}
 i - 3 potions of mutation {unknown}
 k - a potion of heal wounds {unknown}


   Skills:
 + Level 1.7 Fighting
 + Level 2.5 Dodging
 + Level 3.3 Unarmed Combat
 * Level 3.6 Shapeshifting


You had 3 spell levels left.
You didn't know any spells.
Your spell library contained the following spells:

 Spells                   Type           Power      Damage    Failure   Level
 Vhi's Electric Charge    Tloc/Air       0%         N/A       75%         3
 Arcjolt                  Conj/Air       0%         1d10      100%        5
 Maxwell's Capacitive Co  Air            0%         ∞         100%        8


Dungeon Overview and Level Annotations

Branches:
Dungeon (3/15)

Altars:

Shops:
D:1 (

Annotations:
D:3 Sigmund


Innate Abilities, Weirdness & Mutations

You are a hulking beast.
Your limbs bulge with bestial killing power. (Slay +2)
You cannot wear most types of armour.
You are amphibious.
You can wear up to eight rings at the same time.
Your skin changes colour to match your surroundings (Stealth+).
Your rubbery body absorbs attacks. (AC +1, EV +1)
((You are camouflaged when in or above water. (Stealth+)))
You have tentacles for arms and can constrict up to eight enemies at once.


Message History

You squeeze the goblin.
You kill the goblin!
Something hits you. The dart slug launches a dart at you.
The slug dart misses you.
Things that are here:
a +0 club; a goblin corpse You tentacle-slap the jackal.
You grab the jackal. You squeeze the jackal.
The jackal is severely wounded.
You constrict the jackal, but do no damage.
The jackal closely misses you. Something hits you!
The dart slug launches a dart at you. The slug dart hits you.
The jackal bites you.
You are too injured to fight recklessly!
You are too injured to fight recklessly!
You are too injured to fight recklessly!
You are too injured to fight recklessly!
You are too injured to fight recklessly!
You are too injured to fight recklessly!
You are too injured to fight recklessly!
You are too injured to fight recklessly!
You are too injured to fight recklessly!
You are too injured to fight recklessly!
You are too injured to fight recklessly!
You are too injured to fight recklessly!
Unknown command.
You release your grip on the jackal.
The jackal attacks as you move away! The jackal closely misses you.
The dart slug launches a dart at you. The slug dart hits you.
* * * LOW HITPOINT WARNING * * *
You miss the jackal. Your grab misses the jackal.
Your squeeze misses the jackal.
The jackal is severely wounded.
The jackal bites you.
* * * LOW HITPOINT WARNING * * *
The hobgoblin misses you. The jackal bites you.
* * * LOW HITPOINT WARNING * * *
Something hits you!
You die...

#...............#..#.....
#.............####.#.)#..
#..................#.....
#........................
#..........####..##..##..
##....).....# ##.........
.......w.....#####.#.######
...#####..gh.......#<... .
#.hh..........###
#............##
#..!.....).>##
#..........## #............
###'########## #.# #.#


You could see a dart slug, 2 jackals and a hobgoblin.

Vanquished Creatures
  An adder (D:2)
  2 worms (D:2)
  An orc (D:2)
  2 bats (D:1)
  3 endoplasms (D:1)
  3 giant cockroaches
  6 goblins
  4 hobgoblins
  5 quokkas
  4 ball pythons
  3 frilled lizards
  4 kobolds
  2 rats (D:1)
40 creatures vanquished.

Notes
Turn   | Place    | Note
-------+----------+-------------------------------------------
     0 | D:1      | LeprechaunX the Octopode Shapeshifter began the quest for
                  | the Orb.
     0 | D:1      | Reached XP level 1. HP: 13/13 MP: 1/1
    82 | D:1      | Reached XP level 2. HP: 18/18 MP: 2/2
   354 | D:1      | Found Taen's Weapon Shop.
   584 | D:2      | Reached XP level 3. HP: 23/23 MP: 3/3
  1185 | D:3      | Reached XP level 4. HP: 17/29 MP: 4/4
  1250 | D:3      | Noticed Sigmund
  1260 | D:3      | Slain by Sigmund

Illustrated notes

Levels and vault maps discovered:
D:1:      dpeg_arrival_arbitrary_b, layout_basic, serial_shops, shop_fountains,
          serial_park_tiny_1, glass_columns_a
D:2:      cheibrodos_helix_gallery, layout_basic
D:3:      layout_basic, overflow_temple_1_default, uniq_sigmund,
          uniq_crazy_yiuf_cottage

Action                     |  1- 3 |  4- 6 || total
---------------------------+-------+-------++-------
  Melee: Unarmed           |    63 |     5 ||    68
         Tentacles         |    11 |     2 ||    13
         Constrict         |    19 |     1 ||    20
         Punch             |     1 |       ||     1
   Stab: Sleeping          |     6 |       ||     6
 Armour: Skin              |     4 |       ||     4
  Dodge: Dodged            |    33 |     7 ||    40

Table legend: (Time is in decaauts)
 A = Elapsed time spent in this place.
 B = Non-inter-level travel time spent in this place.
 C = Inter-level travel time spent in this place.
 D = Time resting spent in this place.
 E = Time spent auto-exploring this place.
 F = Levels seen in this place.
 G = Mean time per level.
                   A        B        C        D        E       F      G
               +--------+--------+--------+--------+--------+-----+--------+
         Total |   1255 |   1223 |     32 |      0 |   1002 |   3 |  418.3 |
       Dungeon |   1255 |   1223 |     32 |      0 |   1002 |   3 |  418.3 |
               +--------+--------+--------+--------+--------+-----+--------+

Top non-repeatable levels by time:
     D:2: 637 daAuts
     D:1: 530 daAuts
     D:3: 87 daAuts
